 Dungeon Crawl Stone Soup version 0.27-a0-808-g60bc5d92e6 (webtiles) character file.

Game seed: 11495172855520069074

6692 harryhousin the Blocker (level 11, -11/87 HPs)
             Began as a Gnoll Fighter on Mar 28, 2021.
             Was an Initiate of Gozag.
             Mangled by a two-headed ogre
             ... wielding a +0 giant spiked club
              (21 damage)
             ... on level 10 of the Dungeon.
             The game lasted 00:44:59 (8451 turns).

harryhousin the Blocker (Gnoll Fighter)             Turns: 8451, Time: 00:45:00

Health: -11/87     AC: 18    Str: 18    XL:     11   Next: 3%
Magic:  19/19      EV: 12    Int:  8    God:    Gozag
Gold:   1468       SH:  8    Dex: 12    Spells: 18/21 levels left

rFire    + . .     SeeInvis +   C - +1 flail (vorpal)
rCold    . . .     Faith    .   w - +2 buckler
rNeg     . . .     Spirit   .   N - +3 scale mail {rF+}
rPois    .         Reflect  .   D - +2 hat
rElec    .         Harm     .   a - +2 cloak
rCorr    .         Rampage  .   B - +0 pair of gloves
Will     +....                  (no boots)
Stlth    ++........             x - amulet of regeneration
HPRegen  1.24/turn              H - ring of see invisible
MPRegen  0.16/turn              c - ring of willpower

@: mighty, gold aura, hasted, very quick
A: fangs 1, strong nose, distributed training
a: Renounce Religion, Potion Petition, Call Merchant, Bribe Branch


You were on level 10 of the Dungeon.
You worshipped Gozag.
Gozag was most pleased with you.
You visited 1 branch of the dungeon, and saw 10 of its levels.
You also visited: Ossuary.

You collected 1535 gold pieces.
You paid 67 gold pieces to Gozag.

Inventory:

Hand Weapons
 b - a +3 falchion of electrocution
 k - a +4 spear
 C - a +1 vorpal flail (weapon)
Armour
 a - a +2 cloak (worn)
 w - a +2 buckler (worn)
 B - a +0 pair of gloves (worn)
 D - a +2 hat (worn)
 N - a +3 scale mail of fire resistance (worn)
Jewellery
 c - a ring of willpower (right hand)
 x - an amulet of regeneration (around neck)
 H - a ring of see invisible (left hand)
Wands
 l - a wand of random effects (19)
 u - a wand of paralysis (3)
 A - a wand of mindburst (11)
 M - a wand of flame (15)
 O - a wand of iceblast (2)
Scrolls
 e - 4 scrolls of teleportation
 f - 3 scrolls of enchant weapon
 g - a scroll of holy word {unknown}
 h - a scroll of acquirement {unknown}
 i - a scroll of amnesia {unknown}
 p - 3 scrolls of identify
 q - a scroll of immolation {unknown}
 v - 5 scrolls of fear
 y - a scroll of summoning {unknown}
 F - 3 scrolls of magic mapping {unknown}
 G - a scroll of vulnerability {unknown}
 K - a scroll of noise {unknown}
Potions
 j - a potion of haste
 m - 3 potions of berserk rage
 n - 2 potions of lignification {unknown}
 o - 2 potions of invisibility {unknown}
 r - a potion of brilliance {unknown}
 s - 6 potions of curing
 t - 2 potions of heal wounds
 z - 2 potions of attraction
 E - 4 potions of flight
 I - a potion of degeneration {unknown}
 J - 2 potions of magic
 L - a potion of mutation {unknown}


   Skills:
 + Level 8.9 Fighting
 + Level 5.8 Short Blades
 + Level 5.8 Long Blades
 + Level 5.8 Axes
 + Level 7.5 Maces & Flails
 + Level 5.8 Polearms
 + Level 5.8 Staves
 + Level 5.8 Slings
 + Level 5.8 Bows
 + Level 5.8 Crossbows
 + Level 5.8 Throwing
 + Level 8.9 Armour
 + Level 5.8 Dodging
 + Level 5.8 Stealth
 + Level 8.9 Shields
 + Level 5.8 Unarmed Combat
 + Level 5.8 Spellcasting
 + Level 4.8 Conjurations
 + Level 4.8 Hexes
 + Level 4.8 Summonings
 + Level 4.8 Necromancy
 + Level 4.8 Translocations
 + Level 4.8 Transmutations
 + Level 4.8 Fire Magic
 + Level 4.8 Ice Magic
 + Level 4.8 Air Magic
 + Level 4.8 Earth Magic
 + Level 4.8 Poison Magic
 + Level 6.4 Invocations
 + Level 5.8 Evocations


You had 18 spell levels left.
You knew the following spells:

 Your Spells              Type           Power      Damage    Failure   Level
a - Blink                 Tloc           N/A        N/A       13%         2
b - Magic Dart            Conj           40%        1d5       9%          1

Your spell library contained the following spells:

 Spells                   Type           Power      Damage    Failure   Level
 Animate Skeleton         Necr           20%        N/A       9%          1
 Beastly Appendage        Tmut           20%        N/A       9%          1
 Corona                   Hex            11%        N/A       9%          1
 Pain                     Necr           40%        1d6       9%          1
 Call Imp                 Summ           10%        N/A       13%         2
 Ensorcelled Hibernation  Hex/Ice        20%        N/A       13%         2
 Slow                     Hex            10%        N/A       13%         2
 Wereblood                Tmut           10%        N/A       13%         2
 Confusing Touch          Hex            10%        N/A       26%         3
 Conjure Flame            Conj/Fire      10%        6-21      26%         3
 Dazzling Flash           Conj/Hex       20%        N/A       26%         3
 Mephitic Cloud           Conj/Pois/Air  10%        N/A       26%         3
 Spider Form              Tmut/Pois      5%         N/A       26%         3
 Tukima's Dance           Hex            10%        N/A       26%         3
 Vampiric Draining        Necr           5%         2d6       26%         3
 Animate Dead             Necr           5%         N/A       63%         4
 Ice Form                 Ice/Tmut       10%        N/A       63%         4
 Agony                    Necr           10%        N/A       93%         5
 Blade Hands              Tmut           5%         N/A       93%         5
 Bolt of Magma            Conj/Fire/Erth 5%         4d5       93%         5
 Iskenderun's Battlesphe  Conj           10%        2d6       93%         5
 Iron Shot                Conj/Erth      5%         9d2       100%        6
 Orb of Destruction       Conj           5%         9d2       100%        7
 Spellforged Servitor     Conj/Summ      5%         N/A       100%        7


Dungeon Overview and Level Annotations

Branches:
Dungeon (10/15)            Temple (0/1) D:7            Lair (0/6) D:8
Ossuary (visited)
    Orc: D:9-12

Altars:
Cheibriados
Dithmenos
Gozag
Kikubaaqudgha
Makhleb
Yredelemnul
The Shining One
Beogh

Annotations:
D:6 5 runed translucent doors


Innate Abilities, Weirdness & Mutations

You have very sharp teeth.
Your uncanny sense of smell can sniff out nearby items.
Your experience applies equally to all skills.


Message History

The two-headed ogre hits you with a +0 giant spiked club!!
* * * LOW HITPOINT WARNING * * *
The two-headed ogre hits you but does no damage.
The orc becomes distracted by the nearby gold, dreaming of imaginary riches.
The troll becomes distracted by the nearby gold, dreaming of imaginary riches.
The howler monkey hoots and howls with incredible vigour!
The acid dragon spits acid at you.
The splash of acid hits you but does no damage.
You are splashed with acid!
* * * LOW HITPOINT WARNING * * *
The troll shouts!
The orc shouts!
You hear a shout! x2; You hear a bellow!
You hear a shout! x3
You feel much better.
The orc knight becomes distracted by the nearby gold, dreaming of imaginary riches.
The two-headed ogre hits you with a +0 giant spiked club.
The two-headed ogre hits you with a +0 giant club.
The orc knight shouts!
You sock the two-headed ogre!
The two-headed ogre is severely wounded.
The acid dragon misses you. The acid dragon claws you.
* * * LOW HITPOINT WARNING * * *
The yak gores you.
* * * LOW HITPOINT WARNING * * *
You sock the two-headed ogre! You bite the two-headed ogre.
The two-headed ogre is almost dead.
The orc no longer looks unusually strong.
The two-headed ogre hits you with a +0 giant spiked club!
* * * LOW HITPOINT WARNING * * *
The two-headed ogre misses you.
The howler monkey becomes distracted by the nearby gold, dreaming of imaginary riches.
The acid dragon bites you.
* * * LOW HITPOINT WARNING * * *
The acid dragon claws you but does no damage.
The yak closely misses you.
You hit the acid dragon but do no damage.
The orc is no longer distracted by gold.
The unseen horror becomes distracted by the nearby gold, dreaming of imaginary riches.
The two-headed ogre hits you with a +0 giant spiked club!!
You die...
Your body crumbles into a pile of gold.

...... #.......####..
......#######...o...(.....
###...............o.......
..#.............hoo.....h.
..+.......####.ooo.####h..
..#.....>.#∆ ##ooo## $ ...
###.......# ##o## ..
..........## #O#
.....>.....## #@#
............#


#YDT# ...............Y8yx. ............###.cc### ...........## '#.#'
..........## ..#.#.. ..........# .##.##. ####......#∆.# ... #.∆ #......# You
could see an orc knight, a centaur warrior, a two-headed ogre, 2 yaks, a troll,
an unseen horror (invisible), an orc warrior, an acid dragon, a centaur, a
howler monkey, a killer bee, an orc priest and 8 orcs.

Vanquished Creatures
  Harold (D:8)
  A cyclops (D:9)
  A hornet (D:8)
  2 wyverns (D:8)
  A basilisk (D:8)
  5 yaks (D:8)
  A steam dragon (D:7)
  An acid dragon (D:9)
  2 orc warriors
  4 water moccasins
  A black bear (D:5)
  2 ice beasts
  A sky beast (D:6)
  A hornet zombie (D:5)
  An ogre (D:6)
  A necrophage (D:6)
  A phantom (D:6)
  2 centaurs
  2 kobold brigands
  4 bullfrogs
  3 gnoll sergeants
  A wyvern zombie (D:8)
  4 water moccasin zombies (Ossuary)
  A scorpion (D:8)
  5 killer bees (D:9)
  5 wights (D:9)
  A howler monkey (D:4)
  6 centaur zombies (D:9)
  3 hounds
  A bullfrog skeleton (D:4)
  A centaur skeleton (D:5)
  4 orc priests
  4 iguanas
  Natasha (thrice) (D:2)
  3 orc wizards
  A killer bee zombie (D:7)
  A hound skeleton (D:4)
  5 howler monkey zombies
  2 mummies (Ossuary)
  17 gnolls
  5 adders
  6 adder zombies (Ossuary)
  A worm zombie (D:6)
  2 adder skeletons (D:4)
  A dart slug (D:5)
  21 orcs
  6 endoplasms
  12 giant cockroaches
  A gnoll zombie (Ossuary)
  9 goblins
  7 hobgoblins
  4 jackals
  5 quokkas
  6 ball pythons
  8 bats
  2 frilled lizards (D:2)
  2 hobgoblin zombies (Ossuary)
  18 kobolds
  5 kobold zombies (Ossuary)
  4 orc zombies (Ossuary)
  8 rats
  A rat zombie (D:6)
240 creatures vanquished.

Vanquished Creatures (others)
  2 bushes (D:8)
  3 fungi (D:8)
  18 plants (D:8)
23 creatures vanquished.

Grand Total: 263 creatures vanquished

Notes
Turn   | Place    | Note
-------+----------+-------------------------------------------
     0 | D:1      | harryhousin the Gnoll Fighter began the quest for the Orb.
     0 | D:1      | Reached XP level 1. HP: 23/23 MP: 1/1
   118 | D:1      | Reached XP level 2. HP: 18/29 MP: 2/2
   870 | D:2      | Reached XP level 3. HP: 35/35 MP: 3/3
   946 | D:2      | Noticed Natasha
   952 | D:2      | Killed Natasha
   953 | D:2      | Reached skill level 1 in Short Blades
   953 | D:2      | Reached skill level 1 in Long Blades
   953 | D:2      | Reached skill level 1 in Axes
   953 | D:2      | Reached skill level 1 in Polearms
   953 | D:2      | Reached skill level 1 in Staves
   953 | D:2      | Reached skill level 1 in Slings
   953 | D:2      | Reached skill level 1 in Bows
   953 | D:2      | Reached skill level 1 in Crossbows
   953 | D:2      | Reached skill level 1 in Throwing
   953 | D:2      | Reached skill level 1 in Dodging
   953 | D:2      | Reached skill level 1 in Stealth
   953 | D:2      | Reached skill level 1 in Unarmed Combat
   953 | D:2      | Reached skill level 1 in Spellcasting
   953 | D:2      | Reached skill level 1 in Invocations
   953 | D:2      | Reached skill level 1 in Evocations
   957 | D:2      | Reached XP level 4. HP: 24/41 MP: 5/5
  1261 | D:2      | Reached skill level 1 in Conjurations
  1261 | D:2      | Reached skill level 1 in Hexes
  1261 | D:2      | Reached skill level 1 in Summonings
  1261 | D:2      | Reached skill level 1 in Necromancy
  1261 | D:2      | Reached skill level 1 in Translocations
  1261 | D:2      | Reached skill level 1 in Transmutations
  1261 | D:2      | Reached skill level 1 in Fire Magic
  1261 | D:2      | Reached skill level 1 in Ice Magic
  1261 | D:2      | Reached skill level 1 in Air Magic
  1261 | D:2      | Reached skill level 1 in Earth Magic
  1261 | D:2      | Reached skill level 1 in Poison Magic
  1384 | D:2      | Reached XP level 5. HP: 37/47 MP: 6/6
  1825 | D:2      | Noticed Natasha
  1831 | D:2      | Killed Natasha
  2127 | D:2      | Noticed Natasha
  2135 | D:2      | Killed Natasha
  2136 | D:2      | Reached XP level 6. HP: 37/53 MP: 8/8
  3085 | D:3      | Found a shadowy altar of Dithmenos.
  3649 | D:4      | Reached skill level 5 in Maces & Flails
  3926 | D:5      | Entered Level 5 of the Dungeon
  3995 | D:5      | Noticed a black bear
  4014 | D:5      | Killed a black bear
  4015 | D:5      | Reached XP level 7. HP: 26/59 MP: 10/10
  4150 | D:5      | Found a snail-covered altar of Cheibriados.
  4157 | D:5      | Found an opulent altar of Gozag.
  4161 | D:5      | Became a worshipper of Gozag Ym Sagoz the Greedy
  4165 | D:5      | Found a glowing golden altar of the Shining One.
  4573 | D:6      | Reached XP level 8. HP: 67/67 MP: 12/12
  4601 | D:6      | Found an ancient bone altar of Kikubaaqudgha.
  4759 | D:6      | Found a sand-covered staircase.
  4798 | Ossuary  | Entered an ossuary
  5170 | D:6      | Found the +9 staff of Olgreb {rPois∞}
  5179 | D:6      | Found a runed translucent gate.
  5179 | D:6      | Found a runed translucent gate.
  5180 | D:6      | Found a runed translucent door.
  5190 | D:6      | Found a runed translucent gate.
  5192 | D:6      | Noticed a redback
  5192 | D:6      | Noticed a redback
  5192 | D:6      | Noticed a redback
  5198 | D:6      | Found a runed translucent door.
  5308 | D:6      | Learned a level 2 spell: Blink
  5316 | D:6      | Reached XP level 9. HP: 48/72 MP: 14/14
  5613 | D:7      | Found a staircase to the Ecumenical Temple.
  6101 | D:7      | Found a burning altar of Makhleb.
  6311 | D:8      | Found an opulent altar of Gozag.
  6336 | D:8      | Noticed a hornet
  6372 | D:8      | Killed a hornet
  6592 | D:8      | Reached skill level 5 in Invocations
  6612 | D:8      | Found a staircase to the Lair.
  6658 | D:8      | Reached XP level 10. HP: 80/80 MP: 17/17
  6684 | D:8      | Reached skill level 5 in Short Blades
  6684 | D:8      | Reached skill level 5 in Long Blades
  6684 | D:8      | Reached skill level 5 in Axes
  6684 | D:8      | Reached skill level 5 in Polearms
  6684 | D:8      | Reached skill level 5 in Staves
  6684 | D:8      | Reached skill level 5 in Slings
  6684 | D:8      | Reached skill level 5 in Bows
  6684 | D:8      | Reached skill level 5 in Crossbows
  6684 | D:8      | Reached skill level 5 in Throwing
  6684 | D:8      | Reached skill level 5 in Dodging
  6684 | D:8      | Reached skill level 5 in Stealth
  6684 | D:8      | Reached skill level 5 in Unarmed Combat
  6684 | D:8      | Reached skill level 5 in Spellcasting
  6684 | D:8      | Reached skill level 5 in Evocations
  6894 | D:8      | Noticed Harold
  6911 | D:8      | Killed Harold
  7522 | D:9      | Found a basalt altar of Yredelemnul.
  7919 | D:9      | Noticed a cyclops
  7956 | D:9      | Killed a cyclops
  8229 | D:10     | Entered Level 10 of the Dungeon
  8246 | D:10     | Reached XP level 11. HP: 66/87 MP: 19/19
  8408 | D:10     | Learned a level 1 spell: Magic Dart
  8421 | D:10     | Noticed a two-headed ogre
  8425 | D:10     | Noticed an orc knight
  8440 | D:10     | Noticed a centaur warrior
  8451 | D:10     | Mangled by a two-headed ogre

Illustrated notes

Levels and vault maps discovered:
D:1:      elethiomel_arrival_quiet, layout_basic, minmay_tetromino_i2
D:2:      layout_loops_cross, minmay_worlds_worst_comb, uniq_natasha
D:3:      layout_basic, grunt_dithmenos_smoke
D:4:      layout_loops_ring
D:5:      layout_basic, grunt_temple_overflow_diamond
D:6:      layout_basic, nicolae_kikubaaqudgha_miasma_corner, enter_ossuary_3,
          minmay_guarded_unrand_staff_of_olgreb
D:7:      layout_loops_ring, lightli_temple_of_fire,
          minmay_temple_entry_statues_fountains
D:8:      layout_basic, minmay_lair_entry_grove, basic_altar, uniq_harold
D:9:      layout_basic, nicolae_yredelemnul_corpse_copse
D:10:     cheibrodos_barr_body, layout_irregular_city, david_orc_5, uniq_sonja

Skill      XL: |  1  2  3  4  5  6  7  8  9 10 |
---------------+-------------------------------+-----
Short Blades   | 1 2 3 4 5 |  5.8
Long Blades    | 1 2 3 4 5 |  5.8
Axes           | 1 2 3 4 5 |  5.8
Polearms       | 1 2 3 4 5 |  5.8
Staves         | 1 2 3 4 5 |  5.8
Slings         | 1 2 3 4 5 |  5.8
Bows           | 1 2 3 4 5 |  5.8
Crossbows      | 1 2 3 4 5 |  5.8
Throwing       | 1 2 3 4 5 |  5.8
Dodging        | 1 2 3 4 5 |  5.8
Stealth        | 1 2 3 4 5 |  5.8
Unarmed Combat | 1 2 3 4 5 |  5.8
Spellcasting   | 1 2 3 4 5 |  5.8
Invocations    | 1 2 3 4 5 6 |  6.4
Evocations     | 1 2 3 4 5 |  5.8
Conjurations   | 1 2 3 4 |  4.8
Hexes          | 1 2 3 4 |  4.8
Summonings     | 1 2 3 4 |  4.8
Necromancy     | 1 2 3 4 |  4.8
Translocations | 1 2 3 4 |  4.8
Transmutations | 1 2 3 4 |  4.8
Fire Magic     | 1 2 3 4 |  4.8
Ice Magic      | 1 2 3 4 |  4.8
Air Magic      | 1 2 3 4 |  4.8
Earth Magic    | 1 2 3 4 |  4.8
Poison Magic   | 1 2 3 4 |  4.8
Maces & Flails | 5 6 7 |  7.5
Fighting       | 7 8 |  8.9
Armour         | 7 8 |  8.9
Shields        | 7 8 |  8.9

Action                   |  1- 3 |  4- 6 |  7- 9 | 10-12 || total
-------------------------+-------+-------+-------+-------++-------
Melee: Flail             |    84 |    58 |   335 |   291 ||   768
       Bite              |     8 |    17 |    57 |    46 ||   128
       Spear             |       |   181 |    83 |       ||   264
  Use: Scroll            |       |       |     6 |     4 ||    10
       Potion            |       |       |       |     8 ||     8
 Stab: Distracted        |       |       |     3 |     1 ||     4
       Sleeping          |       |       |     1 |       ||     1
Armor: Scale mail        |    26 |    64 |   151 |   142 ||   383
       Skin              |       |       |       |     1 ||     1
Dodge: Dodged            |    29 |    76 |   186 |   142 ||   433
Block: Kite shield       |    35 |    86 |       |       ||   121
       Buckler           |       |    19 |   159 |   113 ||   291

Table legend: (Time is in decaauts)
 A = Elapsed time spent in this place.
 B = Non-inter-level travel time spent in this place.
 C = Inter-level travel time spent in this place.
 D = Time resting spent in this place.
 E = Time spent auto-exploring this place.
 F = Levels seen in this place.
 G = Mean time per level.
                   A        B        C        D        E       F      G
               +--------+--------+--------+--------+--------+-----+--------+
         Total |   8558 |   8317 |    241 |    924 |   3307 |  11 |  778.0 |
       Dungeon |   8319 |   8078 |    241 |    924 |   3307 |  10 |  831.9 |
       Ossuary |    239 |    239 |      0 |      0 |      0 |   1 |  239.0 |
               +--------+--------+--------+--------+--------+-----+--------+

Top non-repeatable levels by time:
     D:2: 1661 daAuts
     D:8: 1148 daAuts
     D:1: 862 daAuts
     D:9: 853 daAuts
     D:6: 834 daAuts
     D:3: 751 daAuts
     D:4: 723 daAuts
     D:7: 710 daAuts
     D:5: 556 daAuts
 Ossuary: 239 daAuts
    D:10: 218 daAuts
